AoeStats
← Lic. VELEZ Y VINO

African Clearing

510416678Analyzed
4v4 RM · 3d ago on Sep 30, 2026· 28m 47s· 8 players
Game mode
Random Map
Map size
Large (8 player)
Population
200
Speed
Normal
Resources
Standard
Victory
Conquest
Starting age
Dark Age
Ending age
Imperial Age
RankedLock teamsTeams togetherTeam positionsShared explorationLock speedFull tech treeHidden civsTurbo modeCheats
Victory
Defeat
🇦🇷 Shu · Argentina
1700
+11
🇦🇷 Franks · Argentina
1691
+11
🇦🇷 Chinese · Argentina
1659
+12
🇦🇷 Ethiopians · Argentina
1646
+13
🇨🇱 Maya · Chile
1656
-14
🇵🇪 Magyars · Peru
1581
-12
🇵🇪 Goths · Peru
1562
-11
🇧🇷 Teutons · Brazil
1522
-10
B.R Matias
7:09 Loom
12:43 Feudal Age
18:36 Castle Age
17:24 Double-Bit Axe
17:39 Fletching
Buchi
5:41 Loom
11:54 Feudal Age
12:42 Double-Bit Axe
15:12 Forging
20:57 Castle Age
20:16 Scale Barding Armor
22:24 Iron Casting
Q
6:22 Loom
11:46 Feudal Age
13:19 Double-Bit Axe
15:15 Town Watch
15:27 Fletching
20:15 Castle Age
18:25 Gold Mining
19:40 Padded Archer Armor
20:17 Crossbowman
20:52 Bodkin Arrow
22:59 Bow Saw
24:25 Wheelbarrow
23:33 Elite Skirmisher
24:41 Leather Archer Armor
28:39 Horse Collar
Lic. VELEZ Y VINO
3:12 Loom
12:59 Feudal Age
16:44 Castle Age
14:53 Double-Bit Axe
24:02 Forging
23:24 Pikeman
25:02 Squires
26:20 Husbandry
28:31 Bow Saw
Karzul
10:10 Loom
12:23 Feudal Age
13:02 Double-Bit Axe
13:20 Horse Collar
21:58 Castle Age
20:05 Scale Barding Armor
20:27 Bloodlines
22:49 Forging
23:47 Bow Saw
24:11 Heavy Plow
[CL] ElPali
4:25 Loom
11:08 Feudal Age
11:47 Double-Bit Axe
12:19 Town Watch
15:24 Gold Mining
19:41 Castle Age
18:29 Fletching
18:34 Stone Mining
19:16 Fletching
BigBanana
2:49 Loom
2:49 Loom
11:25 Feudal Age
11:55 Double-Bit Axe
15:55 Scale Barding Armor
18:18 Wheelbarrow
17:34 Horse Collar
22:49 Castle Age
21:29 Bloodlines
23:54 Hand Cart
23:49 Bow Saw
23:40 Heavy Plow
23:51 Light Cavalry
26:10 Chain Barding Armor
[LAK] CholoPayet
9:25 Loom
13:21 Feudal Age
20:17 Castle Age
Connection lost

Rejoining the realm…

Still unreachable

The connection could not be restored.

Session expired

The server has moved on; the page needs a fresh start.